 Dungeon Crawl Stone Soup version 0.17.1-3-g152610e (webtiles) character file.

109 GFox the Skirmisher (level 4, -1/41 HPs)
             Began as a Hill Orc Abyssal Knight on Apr 12, 2016.
             Was a Believer of Lugonu.
             Slain by Grinder (6 damage)
             ... on level 3 of the Dungeon.
             The game lasted 00:27:43 (2012 turns).

GFox the Skirmisher (Hill Orc Abyssal Knight)       Turns: 2012, Time: 00:27:45

Health: -1/41      AC: 11    Str: 12 (15) XL:     4   Next: 90%
Magic:  6/6        EV:  0    Int: 12      God:    Lugonu [**....]
Gold:   137        SH:  9    Dex: 14      Spells: 0 memorised, 3 levels left

rFire  . . .     SeeInvis .     a - +2 hand axe
rCold  + . .     Clarity  .     h - +0 plate armour
rNeg   . . .     SustAt   .     l - +2 shield
rPois  .         Gourm    .     (no helmet)
rElec  .         Spirit   .     (no cloak)
rCorr  .         Warding  .     (no gloves)
rMut   .         Stasis   .     (no boots)
MR     .....                    (no amulet)
Stlth  ..........               q - ring of protection from cold
                                f - +4 ring of dexterity

@: not resistant to hostile enchantments, extremely unstealthy
A: no striking features
a: Depart the Abyss, Bend Space, Renounce Religion


You were on level 3 of the Dungeon.
You worshipped Lugonu.
Lugonu was pleased with you.
You were not hungry.

You visited 1 branch of the dungeon, and saw 3 of its levels.
You visited the Abyss 1 time.

You collected 137 gold pieces.

Inventory:

Hand Weapons
 a - a +2 hand axe (weapon)
Missiles
 i - an exploding tomahawk (quivered)
Armour
 h - a +0 plate armour (worn)
 l - a +2 shield (worn)
Magical Staves
 j - an uncursed staff of cold
Jewellery
 f - a +4 ring of dexterity (left hand)
 q - a ring of protection from cold (right hand)
Wands
 b - a wand of fireball (10)
Scrolls
 e - 2 scrolls of remove curse
 g - a scroll of identify
Potions
 m - a potion of might
Comestibles
 c - a bread ration
 d - a slice of pizza
 n - a meat ration
 o - 3 chunks of flesh


   Skills:
 + Level 4.7 Fighting
 + Level 3.4 Axes
 + Level 0.1 Throwing
 + Level 2.7 Armour
 + Level 1.3 Dodging
 + Level 0.7 Shields
 + Level 3.7 Invocations


You had 3 spell levels left.
You didn't know any spells.

Dungeon Overview and Level Annotations

Branches:
Dungeon (3/15)

Altars:
Ashenzari

Annotations:
D:3 Grinder


Message History

You closely miss something.
You feel less confused. You block the giant cockroach's attack.
Something hits you but does no damage.
The giant cockroach bites you but does no damage.
You hit the giant cockroach.
You kill the giant cockroach!
Lugonu accepts your kill.
You miss something. Something completely misses you.
Something hits you but does no damage.
You closely miss something.
An orc wizard appears from thin air!
Reactivating autopickup.
The orc wizard hits you but does no damage.
You completely miss the orc wizard.
The orc wizard is severely wounded.
You hit Grinder.
Grinder is severely wounded.
Grinder hits you.
* * * LOW HITPOINT WARNING * * *
You writhe in agony.
You die...

..... .. #.... ..
...... .# # ......
...# ......#
.#.###. .$.....
.......
.......####.#..##.
...†....(o@.......
..#.....)†5##...##
........)#.......#
.#..##.......(##..
#. ##.........# #
##........#
...>.....#
##..........
#.......##.


You could see Grinder and an orc wizard.

Vanquished Creatures
  Ijyb (D:2)
  3 adders (D:2)
  A giant gecko (D:3)
  2 orcs (D:3)
  2 ball pythons
  6 bats
  4 giant cockroaches
  3 hobgoblins
  8 jackals
  A quokka (D:3)
  3 giant newts (D:1)
  4 goblins
  6 kobolds
  10 rats
54 creatures vanquished.

Notes
Turn   | Place    | Note
--------------------------------------------------------------
     0 | Abyss:1  | GFox the Hill Orc Abyssal Knight began the quest for the Orb.
     0 | Abyss:1  | Reached XP level 1. HP: 19/19 MP: 2/2
   135 | Abyss:1  | Noticed a small abomination
   187 | Abyss:1  | Noticed a spatial vortex
   187 | Abyss:1  | Noticed a spatial vortex
   188 | Abyss:1  | Noticed a spatial vortex
   188 | Abyss:1  | Noticed a spatial vortex
   188 | Abyss:1  | Noticed a spatial vortex
   188 | Abyss:1  | Noticed a spatial vortex
   188 | Abyss:1  | Noticed a spatial vortex
   188 | Abyss:1  | Noticed a spatial vortex
   274 | Abyss:3  | Noticed a raiju
   278 | Abyss:3  | Noticed a chaos spawn
   280 | D:1      | Escaped the Abyss
   707 | D:1      | Reached XP level 2. HP: 22/27 MP: 3/3
   712 | D:1      | Reached skill level 4 in Fighting
   765 | D:1      | Reached * piety under Lugonu
   842 | D:1      | Reached skill level 1 in Dodging
  1238 | D:2      | Noticed Ijyb
  1262 | D:2      | Killed Ijyb
  1262 | D:2      | Reached XP level 3. HP: 29/33 MP: 5/5
  1329 | D:2      | Found a shattered altar of Ashenzari.
  1337 | D:2      | Reached XP level 4. HP: 38/40 MP: 6/6
  1552 | D:2      | Reached ** piety under Lugonu
  1969 | D:3      | Noticed Grinder
  1994 | D:3      | HP: 2/41 [Grinder (6)]
  2012 | D:3      | Slain by Grinder

Action                   |  1- 3 |  4- 6 || total
-------------------------+-------+-------++-------
Melee: Hand axe          |    76 |    89 ||   165
Throw: Tomahawk          |     4 |     2 ||     6
Invok: Depart the Abyss  |     1 |       ||     1
  Use: Scroll            |    10 |     1 ||    11
       Potion            |     7 |     1 ||     8
  Eat: Chunk             |     2 |     2 ||     4
